 Dungeon Crawl Stone Soup version 0.20-a0-556-g892c87b (webtiles) character file.

945 stigmas the Insei (level 7, -1/51 HPs)
             Began as a Demonspawn Transmuter on Feb 6, 2017.
             Was a Follower of Kikubaaqudgha.
             Slain by a centaur
             ... wielding a cursed -3 shortbow
              (8 damage)
             ... on level 6 of the Dungeon.
             The game lasted 00:09:22 (5285 turns).

stigmas the Insei (Demonspawn Transmuter)           Turns: 5285, Time: 00:09:22

Health: -1/51      AC:  9    Str: 10    XL:     7   Next: 89%
Magic:  11/11      EV: 11    Int: 16    God:    Kikubaaqudgha [*.....]
Gold:   305        SH:  0    Dex: 14    Spells: 11/12 levels left

rFire    . . .     SeeInvis .     - Unarmed
rCold    . . .     Gourm    .   h - +0 ring mail
rNeg     . . .     Faith    .   (no shield)
rPois    .         Spirit   .   z - +0 helmet
rElec    .         Reflect  .   (no cloak)
rCorr    .         Harm     .   (no gloves)
MR       +....                  (no boots)
Stlth    +.........             (no amulet)
Regen    0.2/turn               l - +2 ring of slaying
                                j - ring of protection from magic

@: no status effects
A: talons 2, thin metallic scales 2, rot immunity
a: Receive Corpses, Renounce Religion


You were on level 6 of the Dungeon.
You worshipped Kikubaaqudgha.
Kikubaaqudgha was aware of your devotion.
You were hungry.

You visited 2 branches of the dungeon, and saw 7 of its levels.

You collected 305 gold pieces.

Inventory:

Missiles
 a - 46 arrows
Armour
 b - a +0 robe
 h - a +0 ring mail (worn)
 z - a +0 helmet (worn)
Jewellery
 j - a ring of protection from magic (left hand)
 l - a +2 ring of slaying (right hand)
Wands
 x - a wand of lightning (7/15)
 A - a wand of lightning (10/15)
 B - a wand of acid (4/15)
Scrolls
 e - a scroll of enchant armour {unknown}
 i - 3 scrolls of teleportation {unknown}
 m - a scroll of blinking {unknown}
 p - a scroll of fear {unknown}
 q - a scroll of random uselessness {unknown}
 r - 2 scrolls of magic mapping {unknown}
 s - a scroll of immolation {unknown}
 u - 2 scrolls of remove curse {unknown}
 v - 2 scrolls of identify {unknown}
 w - a scroll of vulnerability {unknown}
 y - a scroll of amnesia {unknown}
Potions
 f - a potion of agility {unknown}
 g - a potion of flight {unknown}
 k - a potion of heal wounds {unknown}
 o - 3 potions of might {unknown}
 D - a potion of magic {unknown}
 E - a potion of brilliance {unknown}
Books
 c - a book of Changes

   Spells                             Type                      Level
   a - Beastly Appendage              Transmutation                1
   b - Sticks to Snakes               Transmutation                2
   c - Spider Form                    Transmutation/Poison         3
   d - Ice Form                       Ice/Transmutation            4
   e - Blade Hands                    Transmutation                5
 C - Kikubaaqudgha's Disquisition on Darkness
   (Kikubaaqudgha gifted it to you on level 5 of the Dungeon)

   Spells                             Type                      Level
   a - Pain                           Necromancy                   1
   b - Corpse Rot                     Necromancy                   2
   c - Sublimation of Blood           Necromancy                   2
   d - Vampiric Draining              Necromancy                   3
   e - Control Undead                 Necromancy                   4
Comestibles
 d - 4 bread rations
 n - 7 meat rations
 t - 3 fruits


   Skills:
 * Level 2.7 Fighting
 + Level 2.4 Armour
 + Level 2.4 Dodging
 * Level 6.8 Unarmed Combat
 * Level 3.0 Spellcasting
 * Level 3.0 Transmutations


You had 11 spell levels left.
You knew the following spells:

 Your Spells              Type           Power        Failure   Level  Hunger
a - Beastly Appendage     Tmut           ##....       14%         1    #......


Dungeon Overview and Level Annotations

Branches:
Dungeon (6/15)             Temple (1/1) D:4

Altars:
Ashenzari
Cheibriados
Elyvilon
Fedhas
Gozag
Hepliaklqana
Kikubaaqudgha
Makhleb
Nemelex Xobeh
Okawaru
Qazlal
Ru
Sif Muna
Trog
Uskayaw
Vehumet
Xom
Yredelemnul
Zin
The Shining One


Innate Abilities, Weirdness & Mutations

You have razor-sharp toenails.
You are mostly covered in thin metallic scales. (AC +3)
You are immune to rotting.


Message History

The arrow hits you!
You see here 2 arrows.
The centaur shoots an arrow.
The arrow closely misses you.
The centaur shoots an arrow.
The arrow barely misses you.
The centaur shoots an arrow.
The arrow hits you but does no damage.
You see here an arrow.
The centaur shoots an arrow.
The arrow hits you!
* * * LOW HITPOINT WARNING * * *
You see here an arrow.
The centaur closely misses you. The centaur hits you with a shortbow!
* * * LOW HITPOINT WARNING * * *
The centaur hits you but does no damage.
The centaur closely misses you.
You barely miss the centaur. You claw the centaur, but do no damage.
The centaur hits you but does no damage. x2
You barely miss the centaur. You claw the centaur.
The centaur is lightly wounded.
The centaur hits you with a shortbow!
You die...
Kikubaaqudgha rasps: "You have failed me!
Welcome... death!"

.# #.####............ .#
#./..(............ .############
##....(........... .....#...(..#
#...((####.......
####.#......#####..(..####.......
.........................[.......
####.#......#####((...##....$.##
####.#......##................#
.....#......##..@c..........
######......##..........#...
.....'......##..........# .
######......########.>###
............# #.# .######.#'###
.# #.#.# # #.#.# #.#.#


You could see a centaur.

Vanquished Creatures
  A sky beast (D:6)
  A phantom (D:6)
  2 ogres (D:5)
  A scorpion (D:5)
  2 crimson imps
  A centaur zombie (D:5)
  2 bullfrog zombies (D:4)
  3 jellies
  A bullfrog skeleton (D:4)
  An iguana (D:5)
  2 worker ants
  A howler monkey zombie (D:4)
  A howler monkey skeleton (D:4)
  5 adders
  A shadow imp (D:5)
  An adder zombie (D:4)
  2 adder skeletons
  3 worms
  2 dart slugs
  6 leopard geckos
  5 orcs
  A ball python (D:3)
  13 bats
  4 giant cockroaches
  5 goblins
  6 hobgoblins
  16 jackals
  3 quokkas
  7 frilled lizards
  2 giant cockroach zombies (D:4)
  8 kobolds
  2 leopard gecko skeletons
  A leopard gecko zombie (D:4)
  5 rats
117 creatures vanquished.

Notes
Turn   | Place    | Note
-------+----------+-------------------------------------------
     0 | D:1      | stigmas the Demonspawn Transmuter began the quest for the Orb.
     0 | D:1      | Reached XP level 1. HP: 15/15 MP: 3/3
    67 | D:1      | Reached skill level 3 in Unarmed Combat
   242 | D:1      | Gained mutation: You are partially covered in thin metallic scales. (AC +2) [demonic ancestry]
   242 | D:1      | Reached XP level 2. HP: 16/21 MP: 5/5
   888 | D:1      | Gained mutation: You are mostly covered in thin metallic scales. (AC +3) [demonic ancestry]
   888 | D:1      | Reached XP level 3. HP: 24/26 MP: 6/6
  1362 | D:2      | Gained mutation: You have sharp toenails. [demonic ancestry]
  1362 | D:2      | Reached XP level 4. HP: 29/33 MP: 7/7
  1773 | D:3      | Reached skill level 4 in Unarmed Combat
  2437 | D:4      | Gained mutation: You have razor-sharp toenails. [demonic ancestry]
  2437 | D:4      | Reached XP level 5. HP: 35/38 MP: 8/8
  2472 | D:4      | Reached skill level 1 in Armour
  2573 | D:4      | Found a staircase to the Ecumenical Temple.
  2580 | Temple   | Entered the Ecumenical Temple
  2893 | Temple   | Became a worshipper of Kikubaaqudgha
  3197 | D:4      | Reached skill level 5 in Unarmed Combat
  3197 | D:4      | Gained mutation: You are immune to rotting. [demonic ancestry]
  3197 | D:4      | Reached XP level 6. HP: 26/44 MP: 9/9
  3479 | D:5      | Entered Level 5 of the Dungeon
  3589 | D:5      | Found a blossoming altar of Fedhas.
  3590 | D:5      | Found a hide-covered altar of Uskayaw.
  3633 | D:5      | Found an ancient bone altar of Kikubaaqudgha.
  4362 | D:5      | Reached XP level 7. HP: 24/51 MP: 10/10
  4528 | D:5      | Reached skill level 6 in Unarmed Combat
  4568 | D:5      | Reached * piety under Kikubaaqudgha
  4568 | D:5      | Identified Kikubaaqudgha's Disquisition on Darkness (Kikubaaqudgha gifted it to you on level 5 of the Dungeon)
  4568 | D:5      | Received a gift from Kikubaaqudgha
  5103 | D:6      | Found a sparkling altar of Nemelex Xobeh.
  5285 | D:6      | Slain by a centaur

Vault maps used:
D:1:      dpeg_arrival_simpleton_c
D:2:      grunt_decor_fettered
D:4:      temple_statues, serial_undead, serial_undead_f, serial_undead_a,
          serial_undead_a, serial_undead_c
D:5:      gammafunk_temple_overflow_statue, first_bread, lemuel_statue_altar
D:6:      lemuel_doored_altar
Temple:   minmay_temple_bridge_d

Skill      XL: |  1  2  3  4  5  6  7 |
---------------+----------------------+-----
Unarmed Combat | 3 4 5 6 |  6.8
Transmutations | 2 3 |  3.0
Dodging        | 2 |  2.4
Armour         | 1 2 |  2.4
Fighting       | 2 |  2.7
Spellcasting   | 3 |  3.0

Action                   |  1- 3 |  4- 6 |  7- 9 || total
-------------------------+-------+-------+-------++-------
Melee: Unarmed           |   167 |   213 |    82 ||   462
       Punch             |     5 |     4 |     7 ||    16
       Kick              |       |    49 |    16 ||    65
 Stab: Sleeping          |     1 |       |       ||     1
  Eat: Chunk             |     2 |     4 |     3 ||     9
       Bread ration      |       |     1 |       ||     1
Armor: Robe              |     6 |       |       ||     6
       Ring mail         |    74 |    85 |    47 ||   206
Dodge: Dodged            |   133 |   108 |    57 ||   298
